 Dungeon Crawl Stone Soup version 0.32-a0-468-g38b2580584 (webtiles) character file.

Game seed: 14392047383262946264

101 promet the Sneak (level 4, -1/30 HPs)
             Began as an Octopode Brigand on Feb 24, 2024.
             Succumbed to Robin's poison
             ... on level 2 of the Dungeon.
             The game lasted 00:12:42 (2753 turns).

promet the Sneak (Octopode Brigand)                 Turns: 2753, Time: 00:12:42

Health: -1/30      AC:  1    Str: 10    XL:     4   Next: 75%
Magic:  4/4        EV: 13    Int: 13    God:
Gold:   97         SH:  0    Dex: 15    Spells: 3/3 levels left

rFire   . . .        a - +1 dagger (venom)
rCold   . . .        (no shield)
rNeg    . . .        (helmet restricted)
rPois   .            (no amulet)
rElec   .            (no ring)
rCorr   .            (no ring)
SInv    .            (no ring)
Will    .....        (no ring)
Stlth   ++++         (no ring)
HPRegen 0.25/turn    (no ring)
MPRegen 0.09/turn    (no ring)
                     (no ring)

%: no passive effects
@: lethally poisoned (-1 -> -24)
A: almost no armour, amphibious, 8 rings, camouflage 1, gelatinous body 1,
(nimble swimmer 1), tentacles
a: no special abilities


You were on level 2 of the Dungeon.
You visited 1 branch of the dungeon, and saw 2 of its levels.

You collected 97 gold pieces.

Inventory:

Hand Weapons
 a - a +1 dagger of venom (weapon)
 b - a +0 sling
 c - a +0 war axe
 h - a +2 dagger
 k - a +0 long sword
Missiles
 e - 3 curare-tipped darts
 f - 17 stones (quivered)
 q - 9 poisoned darts
Jewellery
 n - a ring of positive energy
Wands
 i - a wand of digging (3)
Scrolls
 l - 2 scrolls of identify
 p - a scroll of revelation {unknown}
Potions
 d - a potion of magic {unknown}
 g - a potion of brilliance {unknown}
 j - a potion of ambrosia
 m - 2 potions of degeneration {unknown}
 o - a potion of haste {unknown}


   Skills:
 * Level 2.9 Fighting
 + Level 2.4 Short Blades
 + Level 0.1 Ranged Weapons
 + Level 2.3 Throwing
 + Level 1.4 Dodging
 + Level 6.8 Stealth


You had 3 spell levels left.
You didn't know any spells.
Your spell library was empty.

Dungeon Overview and Level Annotations

Branches:
Dungeon (2/15)

Altars:

Shops:
D:1 :

Annotations:
D:2 Robin


Innate Abilities, Weirdness & Mutations

You cannot wear most types of armour.
You are amphibious.
You can wear up to eight rings at the same time.
Your skin changes colour to match your surroundings (Stealth+).
Your rubbery body absorbs attacks. (AC +1, EV +1)
((You are camouflaged when in or above water. (Stealth+)))
You have tentacles for arms and can constrict up to eight enemies at once.


Message History

The goblin misses you.
You climb upwards.
There is a stone staircase leading down here.
You hit the goblin.
The goblin is poisoned.
You grab the goblin.
The goblin is moderately wounded.
You constrict the goblin. You hit the goblin but do no damage.
The goblin looks as sick as possible!
The goblin is severely wounded.
You constrict the goblin.
You kill the goblin!
You start resting.
HP restored.
You start waiting.
Done waiting.
You climb downwards.
Level annotation: Robin
There is a stone staircase leading up, spattered with blood here.
Robin hits you from afar with a +2 spear of venom.
You are poisoned.
You see here a +0 club.
You feel very sick.
Robin hits you with a +2 spear of venom.
You are more poisoned.
You hit Robin.
Robin is poisoned.
Your grab misses Robin.
Robin is lightly wounded.
You feel very sick.
Robin hits you with a +2 spear of venom.
* * * LOW HITPOINT WARNING * * *
You are more poisoned.
Okay, then.
You closely miss Robin. You grab Robin.
Robin is lightly wounded.
You constrict Robin.
* * * LOW HITPOINT WARNING * * *
You feel very sick. Robin barely misses you.
You hit Robin.
Robin looks as sick as possible!
Robin is moderately wounded.
You constrict Robin, but do no damage.
You die...

###...##........................
#.####..............g..)......
#.##.........................#
#.##.#............g...#......#
#....#......)....)......######
#.......#...####.##..........#
####..............#....##........
...........#....#...............#
#..#.###..##..รท.@g.............[.
.....#...###..<)###.####........#
.....#.#.###....##..# ##........
.......#.##........## ####.#..#
.....#...##)......## #......
###.#..###.........# #......
##.#.## #.........# #......
##....# #.........# ###......
......# #.........######.######.


You could see Robin (extremely poisoned).

Vanquished Creatures
  4 adders (D:2)
  2 ribbon worms (D:2)
  A ball python (D:1)
  2 endoplasms (D:1)
  A giant cockroach (D:1)
  14 goblins
  6 hobgoblins
  4 jackals (D:1)
  3 quokkas
  7 bats
  2 frilled lizards
  7 kobolds (D:1)
  4 rats
57 creatures vanquished.

Notes
Turn   | Place    | Note
-------+----------+-------------------------------------------
     0 | D:1      | promet the Octopode Brigand began the quest for the Orb.
     0 | D:1      | Reached XP level 1. HP: 14/14 MP: 1/1
   120 | D:1      | Noticed a walking divine tome
   122 | D:1      | Reached XP level 2. HP: 19/19 MP: 2/2
   123 | D:1      | Found Zaqiynez's Book Shop.
   133 | D:1      | Noticed a walking frostbound tome
   745 | D:1      | Reached skill level 6 in Stealth
   745 | D:1      | Reached XP level 3. HP: 24/25 MP: 3/3
  1695 | D:2      | Reached XP level 4. HP: 24/30 MP: 4/4
  1898 | D:2      | Found a faded altar of an unknown god.
  2090 | D:2      | Noticed Robin
  2753 | D:2      | Succumbed to Robin's poison

Illustrated notes

Levels and vault maps discovered:
D:1:      minmay_arrival_doors, layout_basic, serial_shops,
          nicolae_shop_mannequins, amethyst_killhole,
          amcnicky_mini_rare_corridor_liquid
D:2:      layout_rooms, shapermc_ecumenical_altar_mp_highgroup, glass_columns_a,
          dreamdust_wishing_well, grunt_ministairs_2, minmay_tree_intersection,
          uniq_robin

Skill      XL: |  1  2 |
---------------+-------+-----
Stealth        | 6 |  6.8
Fighting       | |  2.9
Short Blades   | |  2.4
Ranged Weapons | |  0.1
Throwing       | |  2.3
Dodging        | |  1.4

Action                     |  1- 3 |  4- 6 || total
---------------------------+-------+-------++-------
  Melee: Dagger            |    63 |    37 ||   100
         Tentacles         |    20 |     7 ||    27
         Constrict         |    18 |     8 ||    26
   Fire: Sling             |       |    11 ||    11
  Throw: Dart              |     1 |       ||     1
         Stone             |       |     4 ||     4
    Use: Scroll            |     2 |     1 ||     3
   Stab: Sleeping          |     7 |     4 ||    11
 Armour: Skin              |    31 |    18 ||    49
  Dodge: Dodged            |    34 |    22 ||    56

Table legend: (Time is in decaauts)
 A = Elapsed time spent in this place.
 B = Non-inter-level travel time spent in this place.
 C = Inter-level travel time spent in this place.
 D = Time resting spent in this place.
 E = Time spent auto-exploring this place.
 F = Levels seen in this place.
 G = Mean time per level.
                   A        B        C        D        E       F      G
               +--------+--------+--------+--------+--------+-----+--------+
         Total |   2743 |   2688 |     55 |    882 |    616 |   2 | 1371.5 |
       Dungeon |   2743 |   2688 |     55 |    882 |    616 |   2 | 1371.5 |
               +--------+--------+--------+--------+--------+-----+--------+

Top non-repeatable levels by time:
     D:1: 1521 daAuts
     D:2: 1222 daAuts
